[Event "Early-Titled-Tuesday-Blitz-May-14-2024"]
[Site "Chess.com"]
[Date "2024.05.14"]
[Round "10"]
[White "AlexanderKing"]
[Black "littlepinkyboy"]
[Result "0-1"]
[WhiteElo "2556"]
[BlackElo "2682"]
[TimeControl "180+1"]
[EndTime "9:57:40 PDT"]
[Termination "littlepinkyboy won on time"]

1. Nf3 d5 2. d4 Nf6 3. c4 c6 4. cxd5 cxd5 5. Nc3 Nc6 6. Bf4 e6 7. e3 a6 8. Rc1 Bd6 9. Bg3 O-O 10. Bd3 Ne7 11. O-O Rb8 12. Na4 b6 13. Qb3 Bxg3 14. hxg3 Qd6 15. Rc3 Bd7 16. Ne5 Bxa4 17. Qxa4 b5 18.
Qc2 Rfc8 19. Rc1 Rxc3 20. Qxc3 Ne8 21. Nc6 Rb7 22. Qc5 Qxc5 23. Rxc5 Nxc6 24. Rxc6 Ra7 25. e4 dxe4 26. Bxe4 Kf8 27. d5 Nf6 28. d6 Ke8 29. Bf3 Kd7 30. Rb6 e5 31. Bb7 a5 32.
Rxb5 Kxd6 33. Bf3 e4 34. Be2 Nd7 35. g4 f6 36. Kh2 Ne5 37. Kg3 Nc6 38. f3 Nd4 39.
Bd1 Nxb5 0-1

[Event "Early-Titled-Tuesday-Blitz-May-14-2024"]
[Site "Chess.com"]
[Date "2024.05.14"]
[Round "10"]
[White "Gryffindorac8"]
[Black "ansko1999"]
[Result "1/2-1/2"]
[WhiteElo "2521"]
[BlackElo "2642"]
[TimeControl "180+1"]
[EndTime "9:57:41 PDT"]
[Termination "Game drawn - insufficient material"]

1. d4 d5 2. c4 c5 3. cxd5 Nf6 4. Nf3 cxd4 5. Qxd4 Qxd5 6. Nc3 Qxd4 7. Nxd4 a6 8. g3 e5 9. Nb3 Nc6 10. Bg2 Bb4 11.
O-O Be6 12. Bg5 O-O-O 13. Rfc1 h6 14. Bxf6 gxf6 15. Ne4 Bxb3 16. axb3 Be7 17. Nc5 Bxc5 18. Rxc5 Rd6 19. Bxc6 Rxc6 20. Rxc6+ bxc6 21. Rxa6 Kb7 22. Ra4 Rd8 23. Rh4 Rd2 24. Rxh6 Rxb2 25. Rxf6 Rxb3 26.
h4 c5 27. h5 c4 28. h6 c3 29. Rf3 Rb1+ 30. Kg2 c2 31. h7 c1=Q 32. Rxf7+ Kb6 33. h8=Q Qf1+ 34. Kf3 e4+ 35. Kg4 Qxe2+ 36. Kg5 Rb5+ 37.
Rf5 Qd2+ 38. Kg6 Rxf5 39. Kxf5 Qxf2+ 40. Kxe4 Qxg3 41. Qd4+ Kc6 42. Qd5+ Kc7 43. Qe5+ Qxe5+ 44. Kxe5 1/2-1/2

[Event "Early-Titled-Tuesday-Blitz-May-14-2024"]
[Site "Chess.com"]
[Date "2024.05.14"]
[Round "10"]
[White "ajeale2"]
[Black "ketster"]
[Result "1-0"]
[WhiteElo "2515"]
[BlackElo "2632"]
[TimeControl "180+1"]
[EndTime "9:57:41 PDT"]
[Termination "ajeale2 won on time"]

1. d4 d5 2. Bf4 Nf6 3. e3 e6 4.
Nd2 c5 5. c3 Nc6 6. Ngf3 Nh5 7.
Bg5 f6 8. Bh4 cxd4 9. cxd4 g6 10. Be2 Be7 11. O-O O-O 12. Ne1 Ng7 13. Nd3 Nf5 14. Bg3 Nxg3 15. hxg3 e5 16. dxe5 fxe5 17.
Bg4 Bf6 18. Bxc8 Rxc8 19. Qb3 Na5 20. Qa4 Rf7 21. Rac1 Nc6 22. Nc5 Qb6 23. Qg4 Re8 24.
Ndb3 Qb4 25. Qd1 d4 26. Qe2 e4 27. a3 Qb6 28. Qg4 d3 29. Rc4 Ne5 30. Qxe4 Bg7 31. Rb4 Qd6 32. Nxb7 Qc7 33. Qd5 Kh8 34. N7c5 Rd8 35.
Qe4 Re8 36. Rb7 Qd6 37. Rxf7 Nf3+ 38. Qxf3 d2 39. Rd1 Qd8 40. Rxd2 Rxe3 41. Rxd8+ 1-0

[Event "Early-Titled-Tuesday-Blitz-May-14-2024"]
[Site "Chess.com"]
[Date "2024.05.14"]
[Round "10"]
[White "Agibileg"]
[Black "IlanSchnaider"]
[Result "1-0"]
[WhiteElo "2889"]
[BlackElo "2732"]
[TimeControl "180+1"]
[EndTime "9:57:43 PDT"]
[Termination "Agibileg won by checkmate"]

1. d4 Nf6 2. c4 g6 3. Nc3 d5 4.
cxd5 Nxd5 5. e4 Nxc3 6. bxc3 Bg7 7. Bc4 c5 8. Ne2 Nc6 9. Be3 O-O 10. O-O b6 11.
Rc1 Bb7 12. Bb5 e5 13. dxc5 Qh4 14. Ng3 Rfd8 15. Qe2 bxc5 16. Bxc5 Rac8 17. Rfd1 Bh6 18. Rxd8+ Qxd8 19. Rd1 Qa5 20. Rd7 Qxc3 21. Bc4 Nd8 22.
Be7 Nc6 23. Bxf7+ Kg7 24. Rxb7 Nxe7 25. Rxe7 Kf8 26. Rxa7 Qc5 27. Be6 Qxa7 28. Bxc8 Qc5 29. Be6 Qc6 30. Bd5 Qc1+ 31. Nf1 Qa1 32. Qf3+ Ke7 33. Qf7+ Kd6 34. Qxh7 Bf4 35. Qxg6+ Kc5 36. Qc6+ Kb4 37. Qc4+ Ka5 38. g3 Bd2 39. Qc5+ Ka6 40. h4 Bc3 41. Bc4+ Kb7 42. Bd5+ Ka6 43. Qc8+ Ka5 44.
Qa8+ Kb6 45. Qc6+ Ka5 46. Bc4 Kb4 47. Qb5+ Ka3 48. Qb3# 1-0

[Event "Early-Titled-Tuesday-Blitz-May-14-2024"]
[Site "Chess.com"]
[Date "2024.05.14"]
[Round "10"]
[White "Raskolnikov6"]
[Black "zozik"]
[Result "0-1"]
[WhiteElo "2428"]
[BlackElo "2352"]
[TimeControl "180+1"]
[EndTime "9:57:44 PDT"]
[Termination "zozik won on time"]

1. d4 Nf6 2. c4 c5 3. d5 b5 4. cxb5 a6 5. bxa6 Bxa6 6. Nc3 d6 7. e4 Bxf1 8. Kxf1 g6 9. g3 Bg7 10. Kg2 O-O 11. Nf3 Nbd7 12. a4 Ng4 13. Ra3 Qa5 14. Bd2 Qb4 15. Rb3 Qa5 16. Rb5 Qa7 17. b3 c4 18. Rf1 cxb3 19. Qxb3 Nc5 20. Qc4 Bxc3 21. Bxc3 Qxa4 22. Rb4 Qc2 23. Qd4 f6 24. Rc4 Ne5 25. Nxe5 fxe5 26. Qd2 Ra2 27. Qe3 Qb3 28. Rb4 Qa3 29. Rc4 Rc2 30. Kh3 Qa6 31. Rxc5 Qxf1+ 32. Kg4 dxc5 33. Bxe5 Qxf2 34. Qh6 Qe2+ 35. Kg5 Qh5+ 36.
Qxh5 gxh5 37. Bf4 Rxh2 38. e5 Re2 39. d6 exd6 40. exd6 c4 0-1

[Event "Early-Titled-Tuesday-Blitz-May-14-2024"]
[Site "Chess.com"]
[Date "2024.05.14"]
[Round "10"]
[White "WilsonPalencia21"]
[Black "JaloliddinIlkhomi"]
[Result "1-0"]
[WhiteElo "2614"]
[BlackElo "2744"]
[TimeControl "180+1"]
[EndTime "9:57:46 PDT"]
[Termination "WilsonPalencia21 won by resignation"]

1. d4 Nf6 2. c4 e6 3. Nf3 b6 4. g3 Bb7 5. Bg2 Bb4+ 6. Bd2 Bxd2+ 7. Qxd2 O-O 8. Nc3 Ne4 9. Nxe4 Bxe4 10. O-O d6 11. a4 a5 12. Rfc1 Nd7 13. Bf1 f5 14. Ne1 Bb7 15. f4 Nf6 16. e3 Ne4 17. Qc2 g5 18. Bg2 h5 19. Qe2 g4 20. Nd3 h4 21.
Nf2 hxg3 22. Nxe4 gxh2+ 23. Kh1 Bxe4 24. Bxe4 fxe4 25. Qxg4+ Kf7 26. f5 Qf6 27. fxe6+ Qxe6 28. Rf1+ Ke7 29. Qh4+ Kd7 30. d5 Qg6 31. Qh3+ Ke7 32.
Qh4+ Kd7 33. Qh3+ Ke8 34. Rxf8+ Kxf8 35. Rf1+ Ke7 36. Qh4+ Kd7 37. Qh3+ Ke7 38. Qh4+ Kd7 39. Qh3+ Kd8 40. Qh8+ Kd7 41. Qxa8 Qg7 42. Qf8 1-0

[Event "Early-Titled-Tuesday-Blitz-May-14-2024"]
[Site "Chess.com"]
[Date "2024.05.14"]
[Round "10"]
[White "Chernov_Mikhail"]
[Black "Pumpkin_in_moonlight"]
[Result "0-1"]
[WhiteElo "2310"]
[BlackElo "2208"]
[TimeControl "180+1"]
[EndTime "9:57:46 PDT"]
[Termination "Pumpkin_in_moonlight won on time"]

1. e4 c5 2. Nf3 a6 3. d4 cxd4 4. Nxd4 g6 5. Nc3 Bg7 6. g4 Nc6 7. Be3 h5 8. g5 e5 9. Nxc6 bxc6 10. h4 d6 11. Bc4 Ne7 12. Qd2 Bg4 13. f3 Bxf3 14. Rf1 d5 15. Rxf3 dxc4 16. Qe2 O-O 17. Qxc4 Qd7 18. Bc5 Rae8 19. Ke2 Qg4 20. Rf1 Nf5 21.
Kd1 Rd8+ 22. Kc1 Nd6 23. Bxd6 Rxd6 24. Rxf7 Rxf7 25. Qxf7+ Kh7 26. Qf3 Qxh4 27. b3 Qxg5+ 28. Kb2 Qd2 29. Ne2 c5 30. a3 c4 31. Ng3 cxb3 32.
Kxb3 Rb6+ 33. Ka2 Qxc2+ 0-1

[Event "Early-Titled-Tuesday-Blitz-May-14-2024"]
[Site "Chess.com"]
[Date "2024.05.14"]
[Round "10"]
[White "Msb2"]
[Black "OparinGrigoriy"]
[Result "1-0"]
[WhiteElo "3076"]
[BlackElo "2988"]
[TimeControl "180+1"]
[EndTime "9:57:48 PDT"]
[Termination "Msb2 won by resignation"]

1. d4 Nf6 2. c4 e6 3. Nc3 Bb4 4. e3 b6 5. Bd3 Bb7 6. Nf3 O-O 7. Bd2 c5 8. a3 Bxc3 9. Bxc3 Ne4 10. Bxe4 Bxe4 11.
dxc5 bxc5 12. Qd6 Nc6 13. Qxc5 Rc8 14. Qg5 Qxg5 15. Nxg5 Bd3 16. O-O-O Bxc4 17. Rxd7 a5 18. Ne4 Bd5 19. Nd6 Rcd8 20. Rxd8 Rxd8 21. Nb7 Ra8 22.
f3 f5 23. Nc5 Rc8 24. e4 fxe4 25. fxe4 Bc4 26. Rd1 Nb8 27. Nb7 Bb3 28. Rd4 e5 29.
Rd8+ Rxd8 30. Nxd8 a4 31. Bxe5 Nd7 32. Bd4 g6 33. Kd2 Kf8 34. Kc3 Ke7 35. Nb7 Bd1 36.
Na5 Kd6 37. b3 axb3 38. Nxb3 Kc6 39. a4 Nf8 40. a5 Ne6 41. Bb6 Be2 42. Nd4+ Nxd4 43.
Kxd4 Kd6 44. e5+ Ke6 45. Bc7 Bf1 46. g3 Kd7 47. Bd6 Be2 48. Kc5 Bf1 49. Kb6 Bc4 50. a6 Bd5 51. Ka7 Kc8 52. Ba3 Bc4 53. Kb6 Kd7 54.
Kb7 1-0

[Event "Early-Titled-Tuesday-Blitz-May-14-2024"]
[Site "Chess.com"]
[Date "2024.05.14"]
[Round "10"]
[White "vladgoncharov"]
[Black "luggevoila"]
[Result "1-0"]
[WhiteElo "2575"]
[BlackElo "2357"]
[TimeControl "180+1"]
[EndTime "9:57:48 PDT"]
[Termination "vladgoncharov won on time"]

1. d4 Nf6 2. c4 g6 3. Nc3 Bg7 4. e4 d6 5. h3 e5 6. d5 a5 7.
Be3 Na6 8. Nf3 Nc5 9. Nd2 Bd7 10. g4 h5 11. g5 Ng8 12. Qc2 a4 13. h4 Ne7 14. f3 c6 15. Bxc5 dxc5 16. Nxa4 cxd5 17. Nxc5 d4 18. Nxd7 Qxd7 19. Bh3 Qc7 20. O-O O-O 21.
Qb3 f6 22. Be6+ Kh8 23. Bd5 fxg5 24. hxg5 Nxd5 25. cxd5 Qd8 26. f4 exf4 27. Nf3 Qd7 28. Kf2 Rab8 29. Rac1 Rbe8 30. Qd3 Qh3 31. Rg1 b5 32.
Rg2 b4 33. Rcg1 Ra8 34. Rh2 Qd7 35. e5 Rf5 36. Rc1 Ra4 37. Qc4 Kh7 38. d6 b3 39.
Qxb3 d3 40. Rc7 Qd8 41. Qb7 Qf8 42. Rc8 1-0

[Event "Early-Titled-Tuesday-Blitz-May-14-2024"]
[Site "Chess.com"]
[Date "2024.05.14"]
[Round "10"]
[White "Matols"]
[Black "HajiyevKanan"]
[Result "0-1"]
[WhiteElo "2338"]
[BlackElo "2465"]
[TimeControl "180+1"]
[EndTime "9:57:48 PDT"]
[Termination "HajiyevKanan won on time"]

1. d4 d5 2. c4 c6 3. Nf3 Nf6 4. Qb3 Qb6 5. Nc3 Bf5 6. g3 e6 7. c5 Qxb3 8. axb3 Nbd7 9. Bg2 Be7 10. O-O O-O 11. b4 a6 12. Nd2 Rfe8 13. f4 h5 14. Nb3 Bd8 15. Na5 Rb8 16. e3 Bc7 17.
Re1 g6 18. Bf1 Ne4 19. Nxe4 Bxe4 20. Bd2 f6 21. Kf2 e5 22. Be2 Kg7 23. Bc3 exf4 24.
gxf4 Re7 25. Rg1 Kf7 26. h4 Nf8 27. Rg3 Bf5 28. Rag1 Ne6 29. Ra1 Ng7 30. Rgg1 Bxa5 31. bxa5 Rbe8 32. Bd2 Bc8 33. Ra3 Nf5 34. Bf3 Nxh4 35.
Bh1 Bg4 36. Rb3 Bf5 37. Rb6 Bc8 38. Rb3 Nf5 39. Bf3 Nh6 40. Re1 Bg4 41. Rg1 Bxf3 42. Kxf3 Ng4 43. Rh1 Ke6 44. Rb6 Rc7 45. Rb3 Kd7 46. Rb6 Kc8 47. Rb3 Rce7 48. f5 Rh8 49. fxg6 Rg7 50. Kf4 Rxg6 51. e4 dxe4 52. Kxe4 Nf2+ 0-1

[Event "Early-Titled-Tuesday-Blitz-May-14-2024"]
[Site "Chess.com"]
[Date "2024.05.14"]
[Round "10"]
[White "rodp92"]
[Black "DumbKing75"]
[Result "0-1"]
[WhiteElo "2546"]
[BlackElo "2659"]
[TimeControl "180+1"]
[EndTime "9:57:50 PDT"]
[Termination "DumbKing75 won by checkmate"]

1. d4 Nf6 2. Nf3 g6 3. g3 Bg7 4. Bg2 d6 5. O-O Bf5 6. c4 O-O 7. Nc3 Ne4 8. Nh4 Nxc3 9. bxc3 Bc8 10. Rb1 Nc6 11. Qa4 Bd7 12. Rxb7 Nxd4 13. Qd1 Ne6 14. Be3 a5 15. Bd4 Ra6 16. Nf3 Bc6 17. Rb1 Qa8 18.
Qd2 a4 19. Rfd1 Be4 20. Rb2 a3 21. Rb3 Rb8 22. Rxb8+ Qxb8 23. Bxg7 Kxg7 24. Nd4 Bxg2 25. Kxg2 Nc5 26. Qg5 e6 27. h4 h6 28. Qg4 Qb7+ 29.
f3 f5 30. Qf4 e5 31. Nxf5+ gxf5 32. Qxf5 Qb8 33. Qg4+ Kh8 34. Qg6 Qf8 35. f4 Qg7 36. Qf5 e4 37. Rd5 Ra8 38. h5 Rg8 39. Qh3 Qxc3 40.
Rf5 Qb2 41. Kf2 e3+ 42. Kf3 Qd4 43. Rf7 Qe4# 0-1

[Event "Early-Titled-Tuesday-Blitz-May-14-2024"]
[Site "Chess.com"]
[Date "2024.05.14"]
[Round "10"]
[White "Crazy_girl99"]
[Black "Savagelittlemole"]
[Result "0-1"]
[WhiteElo "2627"]
[BlackElo "2500"]
[TimeControl "180+1"]
[EndTime "9:57:51 PDT"]
[Termination "Savagelittlemole won by checkmate"]

1. Nf3 Nf6 2. g3 g6 3. Bg2 Bg7 4. O-O O-O 5. d3 c5 6. e4 Nc6 7.
Nbd2 d5 8. Re1 e5 9. h3 Re8 10. c3 Be6 11. Qc2 h6 12. b3 Qc7 13. Bb2 Rac8 14. Rad1 b5 15. Qb1 d4 16. cxd4 cxd4 17. Rc1 Qa5 18. a3 Nd7 19. Rc2 Rc7 20. Rec1 Rec8 21.
g4 Qb6 22. Kh2 Na5 23. b4 Nb3 24. Nxb3 Bxb3 25. Rxc7 Rxc7 26. Nd2 Be6 27. Rc2 Bf8 28. Qc1 Rxc2 29. Qxc2 a5 30. bxa5 Qxa5 31. f4 exf4 32. Bxd4 Qxa3 33. Nf3 Qa2 34. Qc8 Ne5 35. Qxe6 Nxf3+ 36.
Kh1 fxe6 37. Bxf3 Qb1+ 38. Kg2 Qxd3 39. Bf2 Qd2 40. e5 Bc5 41. Kg1 Qxf2+ 42. Kh1 Qg1# 0-1

[Event "Early-Titled-Tuesday-Blitz-May-14-2024"]
[Site "Chess.com"]
[Date "2024.05.14"]
[Round "10"]
[White "PabloZarnicki"]
[Black "MeesvanOsch"]
[Result "1-0"]
[WhiteElo "2547"]
[BlackElo "2360"]
[TimeControl "180+1"]
[EndTime "9:57:51 PDT"]
[Termination "PabloZarnicki won on time"]

1. e4 c5 2. Nf3 Nc6 3. d4 cxd4 4. Nxd4 e6 5. Nc3 Bb4 6. Nb5 Nf6 7. a3 Bxc3+ 8. Nxc3 d5 9. Bd3 dxe4 10. Nxe4 Nxe4 11. Bxe4 Qxd1+ 12. Kxd1 f5 13. Bf3 Nd4 14. Bh5+ g6 15. Be3 Kf7 16. Bxd4 Rd8 17. Bf3 Rxd4+ 18. Ke2 e5 19. c3 Rd6 20. Ke3 Be6 21. Rad1 Rad8 22. Rxd6 Rxd6 23. Rd1 Rxd1 24. Bxd1 Bd5 25. g3 g5 26. f4 Kf6 27. b4 h6 28. Be2 b6 29.
c4 Be4 30. c5 bxc5 31. bxc5 Ke6 32. fxg5 hxg5 33. h4 gxh4 34. gxh4 Bc2 35. c6 Kd6 36. Bb5 f4+ 37. Kd2 Bg6 38. Ba4 e4 39. Ke2 Bh5+ 40. Ke1 e3 41. Bb5 f3 42. Kf1 Bg4 43. Kg1 Kc5 44. c7 Kxb5 45. h5 f2+ 46. Kg2 1-0

[Event "Early-Titled-Tuesday-Blitz-May-14-2024"]
[Site "Chess.com"]
[Date "2024.05.14"]
[Round "10"]
[White "Slovineanu"]
[Black "mostafa_sakha"]
[Result "1-0"]
[WhiteElo "2477"]
[BlackElo "2335"]
[TimeControl "180+1"]
[EndTime "9:57:52 PDT"]
[Termination "Slovineanu won on time"]

1. d4 Nf6 2. Nf3 d5 3. c4 e6 4. e3 Be7 5. b3 O-O 6. Bd3 b6 7. O-O Nbd7 8. Bb2 Bb7 9. Nc3 c5 10. Qe2 Re8 11. Rad1 cxd4 12. exd4 Bf8 13. Ne5 g6 14. f4 Bg7 15. Bc2 a6 16. g4 Qc7 17.
h4 dxc4 18. bxc4 Nxe5 19. fxe5 Qc6 20. Kh2 Nd7 21. Qf2 Nxe5 22. dxe5 Bxe5+ 23. Kh3 f5 24. gxf5 gxf5 25. Rg1+ Kh8 26. Ba4 Qxc4 27. Bxe8 Bxc3 28. Bxc3+ Qxc3+ 29. Rg3 Qf6 30. Bd7 Rd8 31. Qd4 Qxd4 32. Rxd4 e5 33. Rd6 f4 34. Rc3 e4 35. Rc7 Ba8 36.
Rc8 Rxc8 37. Bxc8 e3 38. Bg4 f3 39. Rd8+ Kg7 40. Rxa8 e2 41. Re8 1-0

[Event "Early-Titled-Tuesday-Blitz-May-14-2024"]
[Site "Chess.com"]
[Date "2024.05.14"]
[Round "10"]
[White "Doublekk14"]
[Black "SanchezKelvin"]
[Result "0-1"]
[WhiteElo "2349"]
[BlackElo "2583"]
[TimeControl "180+1"]
[EndTime "9:57:54 PDT"]
[Termination "SanchezKelvin won on time"]

1. c4 Nf6 2. Nc3 c5 3. e3 Nc6 4.
Nf3 e6 5. d4 cxd4 6. exd4 d5 7.
Be2 dxc4 8. Bxc4 Be7 9. O-O O-O 10. h3 a6 11. a4 Nb4 12. Be3 Bd7 13. Qd2 Bc6 14. Ne5 Rc8 15. Bb3 Bd5 16. Nxd5 Nbxd5 17. Rac1 Qb6 18. Bc4 Rfd8 19. Bd3 Rxc1 20. Rxc1 Bd6 21. Qe2 Nxe3 22. fxe3 Bxe5 23. dxe5 Nd5 24. Be4 Nxe3 25. Kh1 Nf5 26. Bxf5 exf5 27. Rd1 Rxd1+ 28. Qxd1 g6 29.
Qd7 h5 30. b4 Qxb4 31. Qd8+ Kh7 32. Qf6 Qc4 33. a5 Qe6 34. Kh2 Qxf6 35. exf6 g5 36. h4 Kg6 37. hxg5 Kxg5 38. Kg3 Kxf6 39. Kh4 Kg6 40. g3 f6 41. Kh3 Kg5 42. Kh2 f4 0-1

[Event "Early-Titled-Tuesday-Blitz-May-14-2024"]
[Site "Chess.com"]
[Date "2024.05.14"]
[Round "10"]
[White "chessburger_tv"]
[Black "Grossboss19"]
[Result "0-1"]
[WhiteElo "2417"]
[BlackElo "2635"]
[TimeControl "180+1"]
[EndTime "9:57:56 PDT"]
[Termination "Grossboss19 won by checkmate"]

1. Nf3 Nf6 2. g3 g6 3. Bg2 Bg7 4.
O-O O-O 5. d3 c5 6. e4 Nc6 7.
Nbd2 e6 8. Re1 d5 9. h4 h5 10.
Qe2 b6 11. c3 Ba6 12. Ng5 dxe4 13. Ndxe4 Bxd3 14. Nxf6+ Bxf6 15. Qf3 Rc8 16. Rd1 c4 17. Bf4 e5 18. Be3 Bxg5 19. Bxg5 f6 20. Bh6 Re8 21. Bf1 e4 22. Qf4 Ne5 23. Bg2 f5 24. b3 Qe7 25. Bg5 Qc7 26. bxc4 Nxc4 27. Qxc7 Rxc7 28. Bf4 Rcc8 29. a4 Na5 30. Rac1 Rc4 31. Be3 Rec8 32. Bd4 Nb3 33. Rxd3 Nxd4 34. Rd2 Nb3 35. Rcd1 Nxd2 36. Rxd2 Rxc3 37. Rd7 R3c7 38. Rd6 Rc6 39. Rd7 R8c7 40. Rd8+ Kg7 41. Bf1 Rc1 42. Kg2 Kf6 43. a5 bxa5 44.
Rd6+ Kg7 45. Ra6 R1c5 46. Be2 Kh6 47. f3 Rc2 48. Kf2 exf3 49. Kxf3 R7c3+ 50. Kf4 Rxe2 51. g4 Re4# 0-1

[Event "Early-Titled-Tuesday-Blitz-May-14-2024"]
[Site "Chess.com"]
[Date "2024.05.14"]
[Round "10"]
[White "Timerkhanov"]
[Black "urano56"]
[Result "1-0"]
[WhiteElo "2694"]
[BlackElo "2428"]
[TimeControl "180+1"]
[EndTime "9:57:59 PDT"]
[Termination "Timerkhanov won by checkmate"]

1. d4 Nf6 2. Bg5 Ne4 3. h4 c5 4. d5 g6 5. Nd2 Nxg5 6. hxg5 Bg7 7. c3 d6 8. e4 e6 9. Ngf3 exd5 10. exd5 O-O 11. Be2 Nd7 12. Qa4 Re8 13. Qh4 Nf8 14. Kf1 f6 15. gxf6 Qxf6 16. Ng5 h6 17. Nde4 Qe7 18. Ne6 Nxe6 19. Qxe7 Rxe7 20. dxe6 Bxe6 21. Nxd6 Rd8 22. Ne4 b6 23. Bf3 Bc4+ 24. Kg1 a5 25. a3 Red7 26. Kh2 Bd3 27. Rhe1 Bc2 28. Rac1 Bb3 29. Re2 Rf8 30. Kg1 Bd1 31. Rd2 Rxd2 32. Nxd2 Bb3 33. Nxb3 Rd8 34. Rd1 Re8 35. Bd5+ Kh7 36.
Nd2 Re2 37. Kf1 Re5 38. Ne4 Bf8 39. a4 Be7 40. f3 Rh5 41. Kf2 Kg7 42. Bc4 Bh4+ 43.
g3 Be7 44. Rd7 Kf8 45. Ke3 Rh2 46. b3 Rc2 47. Rb7 Bd8 48. Rf7+ Ke8 49. Nd6# 1-0

[Event "Early-Titled-Tuesday-Blitz-May-14-2024"]
[Site "Chess.com"]
[Date "2024.05.14"]
[Round "10"]
[White "Revan_2002"]
[Black "Mikhail_Bryakin"]
[Result "1-0"]
[WhiteElo "2756"]
[BlackElo "2874"]
[TimeControl "180+1"]
[EndTime "9:58:00 PDT"]
[Termination "Revan_2002 won on time"]

1. d4 f5 2. c4 Nf6 3. Nc3 e6 4. g3 Be7 5. Bg2 O-O 6. Nf3 Qe8 7. O-O d6 8. Bg5 Qg6 9. Qc2 h6 10. Bxf6 Bxf6 11. e4 Nc6 12. Rad1 e5 13. dxe5 Nxe5 14. Nxe5 Bxe5 15. Nd5 Rf7 16. f4 Bf6 17. Rfe1 c6 18.
Nxf6+ Rxf6 19. e5 dxe5 20. fxe5 Rf8 21. Rd6 Be6 22. b4 Rae8 23. a4 Qg4 24. b5 cxb5 25. cxb5 f4 26. Rd4 Qg5 27. gxf4 Rxf4 28. Rxf4 Qxf4 29.
a5 Qd4+ 30. Qf2 Qb4 31. b6 axb6 32. axb6 Rf8 33. Qe3 Rf7 34. h3 Rd7 35. Rc1 Rf7 36. Kh2 Rd7 37. Rc8+ Kh7 38. Qe4+ Qxe4 39. Bxe4+ g6 40. Rb8 Bd5 41. Bxd5 Rxd5 42. Rxb7+ Kg8 43. Rc7 Rd2+ 44. Kg3 Rd3+ 45. Kg2 Rd2+ 46. Kf3 Rd3+ 47.
Ke4 Rb3 48. b7 1-0

[Event "Early-Titled-Tuesday-Blitz-May-14-2024"]
[Site "Chess.com"]
[Date "2024.05.14"]
[Round "10"]
[White "snowlord"]
[Black "AnishOnYoutube"]
[Result "0-1"]
[WhiteElo "2948"]
[BlackElo "3042"]
[TimeControl "180+1"]
[EndTime "9:58:01 PDT"]
[Termination "AnishOnYoutube won by resignation"]

1. c4 Nf6 2. Nf3 e6 3. g3 d5 4. Bg2 Be7 5. O-O O-O 6. b3 c5 7. cxd5 Nxd5 8. Bb2 b6 9. Nc3 Bb7 10. Qc2 Nb4 11. Qb1 N8c6 12. Rd1 Bf6 13. a3 Na6 14. Ne4 Bxb2 15. Neg5 g6 16. Qxb2 Qe7 17. Ne4 f5 18. Nc3 e5 19. e3 Rad8 20. Nb5 Rfe8 21. Rac1 Nab8 22. d4 cxd4 23. exd4 e4 24. Ne5 Nxe5 25.
dxe5 Rxd1+ 26. Rxd1 Nc6 27. Nd6 Rd8 28. f4 exf3 29.
Bxf3 Nxe5 30. Bxb7 Rxd6 31. Bd5+ Kg7 32. Qc3 Qf6 33. Rd2 Rd7 34. Bg2 Nf3+ 35. Bxf3 Qxc3 36. Rxd7+ Kf6 37. Bd5 Qa1+ 38. Kg2 Qxa3 39. Rxh7 g5 40.
Rh6+ Ke5 41. Bc4 Kd4 42. Rh5 Qb4 43. Kh3 Qd2 44. g4 Qe3+ 45. Kg2 Qe4+ 46. Kf2 Qf4+ 47.
Ke1 Qxg4 48. Be2 Qg1+ 49. Kd2 Qe3+ 50. Kd1 Kc3 0-1

[Event "Early-Titled-Tuesday-Blitz-May-14-2024"]
[Site "Chess.com"]
[Date "2024.05.14"]
[Round "10"]
[White "platy3"]
[Black "Nouali_Mohamed"]
[Result "1-0"]
[WhiteElo "2880"]
[BlackElo "2612"]
[TimeControl "180+1"]
[EndTime "9:58:03 PDT"]
[Termination "platy3 won by resignation"]

1. e4 c5 2. Nf3 Nc6 3. Bb5 Qc7 4.
O-O e6 5. Re1 a6 6. Bf1 Nf6 7. c3 b5 8. d4 cxd4 9. cxd4 Bb7 10. Nc3 b4 11. Na4 Be7 12. d5 Ne5 13. Bf4 Nxf3+ 14. Qxf3 e5 15. Be3 Qa5 16. b3 Bd8 17. Rac1 d6 18. Bd2 O-O 19. a3 Be7 20. Bxb4 Qd8 21. Rc2 Ne8 22. Rec1 g6 23. Qd1 f5 24.
exf5 gxf5 25. Rc6 Bxc6 26. dxc6 Qc7 27. Qd5+ Kh8 28. Ba5 Qc8 29. c7 Nf6 30. Qc6 Ra7 31. Nb6 Qb7 32. Qxb7 Rxb7 33. c8=Q Rxc8 34. Rxc8+ Kg7 35.
Bxa6 Ra7 36. Ra8 Rxa8 37. Nxa8 d5 38. Bb4 Bxb4 39. axb4 d4 40. Nc7 e4 41. Ne6+ Kf7 42. Nxd4 f4 43. Bc4+ Ke8 44. b5 Kd8 45. Kf1 Kc8 46. Ke2 Kb7 47. Ne6 f3+ 48. gxf3 exf3+ 49. Kxf3 Kb6 50. Kf4 Nd7 51. Kf5 Nb8 52. f4 1-0

[Event "Early-Titled-Tuesday-Blitz-May-14-2024"]
[Site "Chess.com"]
[Date "2024.05.14"]
[Round "10"]
[White "Massakru"]
[Black "yaguigor"]
[Result "0-1"]
[WhiteElo "2411"]
[BlackElo "2567"]
[TimeControl "180+1"]
[EndTime "9:58:03 PDT"]
[Termination "yaguigor won on time"]

1. e4 a6 2. d4 c5 3. c3 cxd4 4. cxd4 d5 5. exd5 Nf6 6. Nc3 Nxd5 7. Bc4 e6 8. Nf3 Be7 9. O-O O-O 10. Re1 Nxc3 11.
bxc3 b5 12. Bd3 Bb7 13. a4 bxa4 14. Rxa4 Nd7 15. Bf4 Nb6 16. Ra1 Nd5 17. Bd2 a5 18.
Qb1 Qc7 19. Bxh7+ Kh8 20. Bd3 Nxc3 21. Bxc3 Bxf3 22. Bb2 Bd5 23. Qd1 f5 24. Rc1 Qf4 25. Re3 g6 26. Qd2 Kg7 27. g3 Qd6 28. Ra1 a4 29. Re5 a3 30. Bc3 Rfc8 31. g4 Bf6 32. gxf5 exf5 33. Bb4 Qd7 34. Qe3 Re8 35. Bxa3 Bxe5 36.
dxe5 Be6 37. f4 Red8 38. Be2 Qd4 39. Qxd4 Rxd4 40. Bb2 Rxa1+ 41. Bxa1 Rxf4 42. Bc3 Bc4 43. Bd1 Rf1+ 44. Kg2 Rxd1 0-1

[Event "Early-Titled-Tuesday-Blitz-May-14-2024"]
[Site "Chess.com"]
[Date "2024.05.14"]
[Round "10"]
[White "MITerryble"]
[Black "Hope_6"]
[Result "0-1"]
[WhiteElo "3013"]
[BlackElo "2682"]
[TimeControl "180+1"]
[EndTime "9:58:04 PDT"]
[Termination "Hope_6 won by resignation"]

1. e4 c5 2. Nf3 Nf6 3. Qe2 Nc6 4. c3 d5 5. e5 Ng8 6. d3 Bg4 7. Bf4 e6 8. h3 Bxf3 9. Qxf3 Qb6 10. Qe2 Nge7 11. Bh2 g6 12. g4 Bg7 13. Bg2 O-O 14. O-O Qc7 15. f4 Rab8 16. Nd2 b5 17. Nf3 b4 18. c4 Rbd8 19. Rac1 Qa5 20. b3 dxc4 21. dxc4 Nd4 22. Nxd4 Rxd4 23. Rce1 Rfd8 24. Rf2 Qa6 25. Kh1 R4d7 26. Qe3 Qb6 27. Rfe2 Nc6 28. f5 Nd4 29. Rf2 exf5 30. Bd5 Re7 31. gxf5 Nxf5 32. Rxf5 gxf5 33. Qg5 Kf8 34. Rg1 Qg6 35. Qf4 Qh5 36.
Qe3 f4 37. Bxf4 Rxe5 38. Bxe5 Qxe5 39. Qxc5+ Qd6 40. Qxa7 Qd7 41. Qc5+ Qd6 42. Qf2 Qf6 43. Qg3 Re8 44. Qg2 Re3 45. Rf1 Qg6 46. Rxf7+ Qxf7 47.
Bxf7 Re1+ 48. Qg1 Rxg1+ 49. Kxg1 Kxf7 50. Kf2 Ke6 51. Ke3 Ke5 52. Kd3 Bf8 53. Ke3 h5 54.
Kf3 Be7 55. Kg3 Ke4 56. Kg2 Kf4 57. Kf2 Bd6 58. Kg2 Bc5 59. Kh2 Kf3 60. Kh1 Kg3 0-1

[Event "Early-Titled-Tuesday-Blitz-May-14-2024"]
[Site "Chess.com"]
[Date "2024.05.14"]
[Round "10"]
[White "RantomOpening"]
[Black "Flameboard08"]
[Result "1-0"]
[WhiteElo "2578"]
[BlackElo "2700"]
[TimeControl "180+1"]
[EndTime "9:58:04 PDT"]
[Termination "RantomOpening won by resignation"]

1. c4 b5 2. cxb5 a6 3. e3 axb5 4. Bxb5 Nf6 5. Nc3 Bb7 6. Nf3 e6 7. d4 c6 8. Bd3 d5 9. O-O Be7 10. a4 O-O 11. Rb1 Na6 12. Na2 c5 13. Bb5 Nc7 14.
Bd3 Bc6 15. dxc5 Bxa4 16. b3 Be8 17. Qc2 Bxc5 18. Qxc5 Rxa2 19. Ba3 Nd7 20. Qe7 Qb8 21. Bd6 f6 22. Bxc7 Qxc7 23. Qxe6+ Bf7 24. Qh3 g6 25.
Rfc1 Qd6 26. Nd4 Ne5 27. Bf1 h5 28. b4 Ng4 29. Rc2 Rfa8 30. Qg3 Qe7 31. h3 Ne5 32. Rxa2 Rxa2 33. b5 g5 34. Nc6 Nxc6 35. bxc6 Ra7 36. Qb8+ Kg7 37. Rb7 Rxb7 38. Qxb7 Kf8 39.
Qb8+ Kg7 40. c7 Be6 41. Qd8 Qc5 42. Ba6 h4 43. c8=Q Bxc8 44. Qxc8 Qa3 45. Qd7+ Kh8 46. Bd3 Qa1+ 47. Kh2 f5 48. Bxf5 Qe5+ 49. f4 Qg7 50. Qxg7+ Kxg7 51. fxg5 1-0